 Dungeon Crawl Stone Soup version 0.23.2-33-g5129a83184 (webtiles) character file.

Game seed: 12788782830519995493

273 Derp the Conjurer (level 6, 0/32 HPs)
             Began as a Deep Elf Conjurer on July 24, 2019.
             Slain by a bullfrog (9 damage)
             ... in a sewer.
             The game lasted 00:12:49 (3128 turns).

Derp the Conjurer (Deep Elf Conjurer)               Turns: 3128, Time: 00:12:50

Health: 0/32       AC:  2    Str:  5    XL:     6   Next: 3%
Magic:  1/16       EV: 10    Int: 22    God:
Gold:   107        SH:  0    Dex: 15    Spells: 15/16 levels left

rFire    . . .     SeeInvis .   (no weapon)
rCold    . . .     Gourm    .   (no shield)
rNeg     . . .     Faith    .   a - +0 robe
rPois    .         Spirit   .   (no helmet)
rElec    .         Reflect  .   m - scarf {cloud immunity}
rCorr    .         Harm     .   (no gloves)
MR       .....                  (no boots)
Stlth    ++........             e - amulet of the acrobat
HPRegen  0.10/turn              (no ring)
MPRegen  0.15/turn              (no ring)

@: very slightly contaminated, constricted
A: no striking features
a: no special abilities


You were in a sewer.
You were not hungry.

You visited 1 branch of the dungeon, and saw 3 of its levels.
You also visited: Sewer.

You collected 107 gold pieces.

Inventory:

Armour
 a - a +0 robe (worn)
 m - a scarf of cloud immunity (worn)
Jewellery
 e - an amulet of the acrobat (around neck)
Scrolls
 b - 8 scrolls of identify
 g - 3 scrolls of teleportation {unknown}
 h - 2 scrolls of remove curse {unknown}
 q - 4 scrolls of magic mapping {unknown}
Potions
 f - a potion of cancellation {unknown}
 i - a potion of brilliance {unknown}
 k - a potion of agility {unknown}
 n - 2 potions of magic {unknown}
 o - a potion of might {unknown}
Comestibles
 c - a ration
 p - a chunk of flesh


   Skills:
 + Level 2.9 Dodging
 + Level 3.5 Stealth
 + Level 5.5 Spellcasting
 + Level 6.4 Conjurations


You had 15 spell levels left.
You knew the following spells:

 Your Spells              Type           Power        Failure   Level  Hunger
a - Magic Dart            Conj           ####         1%          1    None

Your spell library contained the following spells:

 Spells                   Type           Power        Failure   Level  Hunger
 Searing Ray              Conj           ####..       1%          2    None
 Iskenderun's Mystic Bla  Conj           ####....     7%          4    ####...
 Dazzling Spray           Conj/Hex       ###...       8%          3    ##.....
 Corona                   Hex            #......      10%         1    None
 Ensorcelled Hibernation  Hex/Ice        #.....       14%         2    None
 Force Lance              Conj/Tloc      ###.....     26%         4    ####...
 Fulminant Prism          Conj/Hex       ###.......   26%         4    ####...
 Confuse                  Hex            #.......     28%         3    ##.....
 Tukima's Dance           Hex            #.......     28%         3    ##.....


Dungeon Overview and Level Annotations

Branches:
Dungeon (3/15)

Altars:
Makhleb
The Shining One


Message History

Aim: a bullfrog (heavily wounded)
The magic dart hits the bullfrog.
The bullfrog is severely wounded.
The bullfrog closely misses you. The bullfrog hits you!
The ball python bites you.
* * * LOW HITPOINT WARNING * * *
The ball python closely misses you. The bullfrog hits you.
* * * LOW HITPOINT WARNING * * *
The bullfrog hits you but does no damage.
The ball python closely misses you. x2
You feel much better. The ball python closely misses you.
The ball python barely misses you. The bullfrog hits you.
Okay, then.
As you read the scroll labeled TUUMEKHULI, it crumbles to dust.
It is a scroll of enchant weapon.
You aren't carrying any weapons that can be enchanted.
The bullfrog hits you! The ball python bites you. The ball python grabs you.
* * * LOW HITPOINT WARNING * * *
The ball python constricts you. The bullfrog hits you!
You die...

#≈≈≈≈≈≈# #≈.....#
#≈≈≈≈≈≈# #≈≈÷..≈#
#≈≈†≈≈≈# #≈≈≈≈≈≈#
#≈≈≈≈≈≈# #≈≈≈≈≈≈#
#≈≈≈≈≈≈# #≈≈≈≈≈≈#
#≈≈≈≈≈≈# #≈≈≈≈≈≈#
#≈≈≈≈≈≈##### #≈≈≈≈≈≈#
#.≈..S###..# #...≈..#
#....F@##..###†.†...#
##......##'##.†....##
#.........#.......#
##...............##
####.........####
####...#### #####


You could see a bullfrog and a ball python.

Vanquished Creatures
  2 orc priests (D:3)
  10 adders
  3 river rats (Sewer)
  2 oozes
  A worm (D:3)
  2 dart slugs (D:2)
  6 orcs (D:3)
  2 giant cockroaches (D:1)
  5 goblins
  3 hobgoblins (D:1)
  7 kobolds
  A quokka (D:2)
  12 ball pythons (Sewer)
  5 bats
  4 frilled lizards
  30 rats
95 creatures vanquished.

Notes
Turn   | Place    | Note
-------+----------+-------------------------------------------
     0 | D:1      | Derp the Deep Elf Conjurer began the quest for the Orb.
     0 | D:1      | Reached XP level 1. HP: 10/10 MP: 6/6
   479 | D:1      | Reached XP level 2. HP: 15/15 MP: 5/8
  1057 | D:2      | Reached skill level 5 in Conjurations
  1098 | D:2      | Reached XP level 3. HP: 19/19 MP: 4/9
  1620 | D:2      | Found a burning altar of Makhleb.
  2113 | D:3      | Found a glowing golden altar of the Shining One.
  2127 | D:3      | Reached XP level 4. HP: 20/24 MP: 4/11
  2406 | D:3      | Reached XP level 5. HP: 28/28 MP: 7/13
  2476 | D:3      | Reached skill level 6 in Conjurations
  2554 | D:3      | Found a glowing drain.
  2560 | Sewer    | Entered a sewer
  2849 | Sewer    | Reached skill level 5 in Spellcasting
  3114 | Sewer    | Reached XP level 6. HP: 28/32 MP: 6/16
  3128 | Sewer    | Slain by a bullfrog

Skill      XL: |  1  2  3  4  5 |
---------------+----------------+-----
Conjurations   | 5 6 |  6.4
Stealth        | 3 |  3.5
Spellcasting   | 4 5 |  5.5
Dodging        | |  2.9

Action                   |  1- 3 |  4- 6 || total
-------------------------+-------+-------++-------
 Cast: Magic Dart        |    82 |   131 ||   213
  Use: Scroll            |     1 |     2 ||     3
       Potion            |       |     2 ||     2
  Eat: Chunk             |     2 |     1 ||     3
       Ration            |     1 |       ||     1
Armor: Robe              |     4 |     6 ||    10
Dodge: Dodged            |    15 |    62 ||    77
